 Dungeon Crawl Stone Soup version 0.30-a0-1114-gd936c97349 (webtiles) character file.

Game seed: 16947592496189304310

56 IdlyInterested the Trooper (level 3, -1/29 HPs)
             Began as a Demonspawn Gladiator on Apr 20, 2023.
             Slain by Terence
             ... wielding a +0 hand axe
              (10 damage)
             ... on level 2 of the Dungeon.
             The game lasted 00:05:28 (1719 turns).

IdlyInterested the Trooper (Demonspawn Gladiator)   Turns: 1719, Time: 00:05:29

Health: -1/29      AC: 10    Str: 14    XL:     3   Next: 69%
Magic:  3/3        EV: 10    Int:  9    God:
Gold:   126        SH:  0    Dex: 16    Spells: 2/2 levels left

rFire   + . .      SeeInvis .    a - +0 long sword
rCold   . . .      Faith    .    (no shield)
rNeg    . . .      Spirit   .    p - +0 chain mail {rF+}
rPois   .          Reflect  .    b - +0 helmet
rElec   .          Rampage  .    (no cloak)
rCorr   .                        i - +0 pair of gloves
Will    .....                    (no boots) Stlth
                                 (no amulet)
HPRegen 0.24/turn                (no ring)
MPRegen 0.08/turn                (no ring)

@: no status effects
A: repulsion field 2
a: no special abilities


You were on level 2 of the Dungeon.
You visited 1 branch of the dungeon, and saw 2 of its levels.

You collected 126 gold pieces.

Inventory:

Hand Weapons
 a - a +0 long sword (weapon)
Missiles
 c - 4 poisoned darts (quivered)
 d - 3 throwing nets
 e - a javelin
 m - 8 stones
Armour
 b - a +0 helmet (worn)
 i - a +0 pair of gloves (worn)
 p - a +0 chain mail of fire resistance (worn)
Jewellery
 h - a ring of fire
Wands
 f - a wand of roots (5)
Scrolls
 j - 3 scrolls of identify {unknown}
 o - a scroll of teleportation {unknown}
Potions
 g - a potion of mutation {unknown}
 k - a potion of resistance {unknown}
 l - a potion of attraction {unknown}
 n - a potion of magic


   Skills:
 + Level 3.1 Fighting
 - Level 2.6 Long Blades
 - Level 2.0 Throwing
 - Level 1.0 Armour
 - Level 3.0 Dodging
 - Level 1.0 Stealth
 * Level 0.5 Evocations


You had 2 spell levels left.
You didn't know any spells.
Your spell library was empty.

Dungeon Overview and Level Annotations

Branches:
Dungeon (2/15)

Altars:

Annotations:
D:2 Terence


Innate Abilities, Weirdness & Mutations

You are surrounded by a moderate repulsion field. (EV +3)


Message History

You see here a frilled lizard corpse.
You open the door.
There is an open door here.
There is an open door here.
m - 8 stones (gained 3)
A quokka comes into view.
You closely miss the quokka. The quokka barely misses you. x2
You barely miss the quokka. The quokka misses you.
You hit the quokka but do no damage. The quokka closely misses you.
You closely miss the quokka. The quokka bites you.
The quokka barely misses you.
You slash the quokka!
You kill the quokka!
HP restored.
Terence the Incautious comes into view.
He is wielding a +0 hand axe and carrying a wand of light (11).
Terence shouts!
Throw: 5 darts (poison)
Press: ? - help, Q - select action, (/) - cycle Shift-Dir - straight line, f - Terence
Aim: Terence, wielding a +0 hand axe, wearing a +0 chain mail and carrying a wand of light (11) (69% to hit)
You throw a poisoned dart.
The poisoned dart completely misses Terence.
Terence says, "Don't bother to defend, it's useless."
Terence zaps a wand.
The bolt of light hits you.
You are confused.
You bump into the rock wall.
Found a fuming orange potion.
You feel less confused.
Terence drinks a potion.
Terence seems to grow stronger.
You hit Terence but do no damage. Terence completely misses you.
You hit Terence.
Terence is moderately wounded.
Terence hits you but does no damage.
You hit Terence.
Terence is moderately wounded.
Terence zaps a wand.
The bolt of light hits you!
You hit Terence but do no damage.
Terence is moderately wounded.
Terence says, "How do you enjoy it?" Terence hits you with a +0 hand axe.
Terence hits you with a +0 hand axe!
You die...

PP~.#...## #.#
##########
~P~~##.## #.#
.~.~#### #.#
##### #.#
#######
########.#
.......
#........#
.......
#.######.#
.......
####.##.......
#.....@@......
#.##.##....(..
# #... .......
..... .......
......#.......
#.!.#.#########
#####.# #.


You could see Terence (strong).

Vanquished Creatures
  Robin (D:2)
  2 worms (D:2)
  3 endoplasms
  A giant cockroach (D:2)
  6 goblins (D:2)
  A hobgoblin (D:2)
  2 jackals (D:2)
  5 quokkas (D:2)
  A ball python (D:1)
  3 bats
  3 frilled lizards (D:2)
  3 kobolds
  7 rats (D:1)
38 creatures vanquished.

Vanquished Creatures (others)
  2 plants (D:2)
2 creatures vanquished.

Grand Total: 40 creatures vanquished

Notes
Turn   | Place    | Note
-------+----------+-------------------------------------------
     0 | D:1      | IdlyInterested the Demonspawn Gladiator began the quest for
                  | the Orb.
     0 | D:1      | Reached XP level 1. HP: 16/16 MP: 1/1
   543 | D:1      | Gained mutation: You are surrounded by a mild repulsion
                  | field. (EV +2) [demonic ancestry]
   543 | D:1      | Reached XP level 2. HP: 15/23 MP: 2/2
  1318 | D:2      | Noticed Robin
  1349 | D:2      | Gained mutation: You are surrounded by a moderate repulsion
                  | field. (EV +3) [demonic ancestry]
  1349 | D:2      | Reached XP level 3. HP: 21/28 MP: 3/3
  1350 | D:2      | Reached skill level 1 in Armour
  1356 | D:2      | Killed Robin
  1489 | D:2      | Reached skill level 1 in Stealth
  1711 | D:2      | Noticed Terence
  1719 | D:2      | Slain by Terence

Illustrated notes

Levels and vault maps discovered:
D:1:      ncdulo_lavacross, layout_loops_ring, minmay_rat_gold_closets
D:2:      layout_loops_corners, serial_bayou_lagoon_a, uniq_terence, uniq_robin,
          uniq_crazy_yiuf_cottage

Skill      XL: |  1  2  3 |
---------------+----------+-----
Dodging        | 3 |  3.0
Throwing       | 2 |  2.0
Armour         | 1 |  1.0
Fighting       | 3 |  3.1
Stealth        | 1 |  1.0
Long Blades    | |  2.6
Evocations     | |  0.5

Action                     || total
---------------------------++-------
  Melee: Long sword        ||   125
         Punch             ||     1
  Throw: Stone             ||     7
         Dart              ||     1
    Use: Potion            ||     2
 Armour: Leather armour    ||     9
         Chain mail        ||    68
  Dodge: Dodged            ||    93

Table legend: (Time is in decaauts)
 A = Elapsed time spent in this place.
 B = Non-inter-level travel time spent in this place.
 C = Inter-level travel time spent in this place.
 D = Time resting spent in this place.
 E = Time spent auto-exploring this place.
 F = Levels seen in this place.
 G = Mean time per level.
                   A        B        C        D        E       F      G
               +--------+--------+--------+--------+--------+-----+--------+
         Total |   1754 |   1533 |    221 |    144 |    964 |   2 |  877.0 |
       Dungeon |   1754 |   1533 |    221 |    144 |    964 |   2 |  877.0 |
               +--------+--------+--------+--------+--------+-----+--------+

Top non-repeatable levels by time:
     D:1: 1185 daAuts
     D:2: 569 daAuts
